 Dungeon Crawl Stone Soup version 0.23.2-30-g0e89c35649 (webtiles) character file.

Game seed: 1394826408353559746

224208 Maks the Convoker (level 20, 0/129 HPs)
             Began as a Kobold Wizard on May 23, 2019.
             Was the Champion of Dithmenos.
             Killed from afar by an ogre mage (33 damage)
             ... with a crystal spear
             ... on level 1 of the Depths on June 24, 2019.
             The game lasted 10:39:22 (64786 turns).

Maks the Convoker (Kobold Wizard)                  Turns: 64786, Time: 10:39:23

Health: 0/129      AC: 17    Str:  7    XL:     20   Next: 6%
Magic:  15/36      EV: 24    Int: 26    God:    Dithmenos [******]
Gold:   3380       SH:  9    Dex: 13    Spells: 2/44 levels left

rFire    + + .     SeeInvis +   I - +4 short sword (elec)
rCold    + . .     Gourm    .   v - +3 buckler "Wissanir" {rElec rF+ Stlth-}
rNeg     . . .     Faith    .   T - +5 robe of Night {Dark MR+ SInv}
rPois    +         Spirit   .   X - +2 helmet
rElec    +         Reflect  .   U - +2 cloak {rPois}
rCorr    .         Harm     .   S - +2 pair of gloves
MR       ++...                  (no boots)
Stlth    ++........             J - amulet of magic regeneration
HPRegen  1.31/turn              u - ring of protection from fire
MPRegen  0.50/turn              D - ring of protection from cold

@: regenerating (expiring), wreathed by umbra
A: small, carnivore
}: 1/15 runes: gossamer
a: Shadow Step, Shadow Form, Renounce Religion


You were on level 1 of the Depths.
You worshipped Dithmenos.
Dithmenos was exalted by your worship.
You were very full.

You visited 9 branches of the dungeon, and saw 39 of its levels.
You visited the Abyss 1 time.

You collected 5325 gold pieces.
You spent 1945 gold pieces at shops.

Inventory:

Hand Weapons
 o - a +1 quick blade of venom
 I - a +4 short sword of electrocution (weapon)
Missiles
 y - 5 throwing nets (quivered)
Armour
 v - the +3 buckler "Wissanir" (worn) {rElec rF+ Stlth-}
   (You bought it in a shop on level 2 of the Orcish Mines)

   It protects you from fire.
   It insulates you from electricity.
   It makes you less stealthy.
 S - a +2 pair of gloves (worn)
 T - the +5 robe of Night (worn) {Dark MR+ SInv}
   (You took it off a deep elf high priest on level 3 of the Elven Halls)

   It affects your resistance to hostile enchantments.
   It lets you see invisible.
 U - a +2 cloak of poison resistance (worn)
 X - a +2 helmet (worn)
Jewellery
 b - an uncursed ring of protection from magic
 u - a ring of protection from fire (left hand)
 x - an uncursed ring of magical power
 C - an uncursed ring of protection from magic
 D - a ring of protection from cold (right hand)
 J - an amulet of magic regeneration (around neck)
Wands
 p - a wand of enslavement (18)
 w - a wand of polymorph (24)
 H - a wand of disintegration (8)
 L - a wand of iceblast (16)
 N - a wand of digging (5)
 R - a wand of flame (24)
 W - a wand of acid (9)
 Z - a wand of paralysis (14)
Scrolls
 a - 5 scrolls of fear
 i - 3 scrolls of blinking
 k - 27 scrolls of remove curse
 s - 5 scrolls of teleportation
 A - a scroll of acquirement {unknown}
 B - 2 scrolls of vulnerability
 K - 6 scrolls of magic mapping
 O - 3 scrolls of fog
 P - 2 scrolls of identify
 Y - 3 scrolls of immolation
Potions
 e - 7 potions of flight
 g - 7 potions of curing
 h - 2 potions of agility
 j - 8 potions of brilliance
 r - 7 potions of might
 z - 6 potions of heal wounds
 F - 2 potions of resistance
 G - 5 potions of haste
 Q - 4 potions of ambrosia
 V - 6 potions of mutation
Miscellaneous
 c - a phial of floods
 f - a lamp of fire
 l - a phantom mirror
 m - 3 sacks of spiders
 n - a crystal ball of energy
 t - a lightning rod (4/4)
 M - a fan of gales
Comestibles
 d - 59 rations


   Skills:
 - Level 15.2 Fighting
 + Level 4.5 Short Blades
 - Level 8.0 Armour
 + Level 14.4 Dodging
 - Level 2.6 Stealth
 - Level 5.7 Shields
 + Level 12.6 Spellcasting
 - Level 11.6 Conjurations
 - Level 5.2 Hexes
 * Level 15.5 Summonings
 - Level 2.3 Necromancy
 - Level 3.3 Translocations
 - Level 12.2 Invocations
 + Level 3.4 Evocations


You had 2 spell levels left.
You knew the following spells:

 Your Spells              Type           Power        Failure   Level  Hunger
a - Magic Dart            Conj           ####         1%          1    None
b - Blink                 Tloc           N/A          1%          2    None
c - Call Imp              Summ           #######.     0%          2    None
d - Mephitic Cloud        Conj/Pois/Air  #####...     2%          3    None
e - Slow                  Hex            #####...     1%          2    None
f - Conjure Flame         Conj/Fire      #####...     1%          3    None
g - Summon Ice Beast      Ice/Summ       ######..     1%          4    None
h - Summon Mana Viper     Hex/Summ       ######..     1%          5    ###....
i - Animate Skeleton      Necr           N/A          1%          1    None
j - Apportation           Tloc           ####..       1%          1    None
k - Confusing Touch       Hex            #####.       1%          1    None
l - Shadow Creatures      Summ           N/A          1%          6    #####..
m - Aura of Abjuration    Summ           #######...   1%          5    ###....
n - Regeneration          Chrm/Necr      ###.......   7%          3    None
o - Ozocubu's Armour      Chrm/Ice       ###.....     11%         3    None

Your spell library contained the following spells:

 Spells                   Type           Power        Failure   Level  Hunger
 Summon Small Mammal      Summ           ####         0%          1    None
 Corona                   Hex            #####..      1%          1    None
 Flame Tongue             Conj/Fire      #####        1%          1    None
 Pain                     Necr           ####         1%          1    None
 Ensorcelled Hibernation  Hex/Ice        ####..       1%          2    None
 Sublimation of Blood     Necr           ####......   1%          2    None
 Throw Flame              Conj/Fire      #####.       1%          2    None
 Shroud of Golubria       Chrm/Tloc      ####......   2%          2    None
 Beastly Appendage        Tmut           ###...       3%          1    None
 Freeze                   Ice            ###.         3%          1    None
 Infusion                 Chrm           ###.         3%          1    None
 Song of Slaying          Chrm           ###.....     5%          2    None
 Sticks to Snakes         Tmut           ###.....     5%          2    None
 Call Canine Familiar     Summ           #######.     1%          3    None
 Confuse                  Hex            #####...     1%          3    None
 Dazzling Spray           Conj/Hex       ######       1%          3    None
 Portal Projectile        Hex/Tloc       #####.       1%          3    None
 Recall                   Summ/Tloc      N/A          1%          3    None
 Static Discharge         Conj/Air       #####...     1%          3    None
 Stone Arrow              Conj/Erth      #####.       1%          3    None
 Summon Guardian Golem    Hex/Summ       ######..     1%          3    None
 Tukima's Dance           Hex            #####...     1%          3    None
 Summon Lightning Spire   Summ/Air       ######..     1%          4    None
 Summon Demon             Summ           #######...   1%          5    ###....
 Summon Forest            Summ/Tloc      ######....   1%          5    ###....
 Gell's Gravitas          Tloc           ####......   2%          3    None
 Lesser Beckoning         Tloc           ####......   2%          3    None
 Teleport Other           Tloc           ####....     2%          3    None
 Inner Flame              Hex/Fire       ####....     3%          3    None
 Spectral Weapon          Hex/Chrm       ####....     3%          3    None
 Sticky Flame             Conj/Fire      #####...     3%          4    None
 Vampiric Draining        Necr           ####......   4%          3    None
 Cause Fear               Hex            #####.....   4%          4    None
 Fireball                 Conj/Fire      #####.....   9%          5    ###....
 Irradiate                Conj/Tmut      #####.....   9%          5    ###....
 Lightning Bolt           Conj/Air       #####.....   9%          5    ###....
 Ignite Poison            Fire/Tmut/Pois ###.....     11%         3    None
 Leda's Liquefaction      Hex/Erth       ####......   12%         4    None
 Animate Dead             Necr           N/A          14%         4    None
 Bolt of Magma            Conj/Fire/Erth #####.....   21%         5    ###....
 Metabolic Englaciation   Hex/Ice        ####......   32%         5    ###....
 Yara's Violent Unravell  Hex/Tmut       ####......   32%         5    ###....
 Ice Form                 Ice/Tmut       ###.....     34%         4    None
 Petrify                  Tmut/Erth      ###.....     34%         4    None
 Bolt of Cold             Conj/Ice       #####.....   45%         6    #####..
 Bolt of Fire             Conj/Fire      #####.....   45%         6    #####..
 Iron Shot                Conj/Erth      #####.....   45%         6    #####..
 Alistair's Intoxication  Tmut/Pois      ###.....     69%         5    ###....
 Ozocubu's Refrigeration  Ice            ###.......   99%         6    #####..
 Statue Form              Tmut/Erth      ###......    99%         6    #####..
 Dragon's Call            Summ           #######...   99%         9    #######
 Dragon Form              Tmut           ###.......   100%        7    ######.
 Ignition                 Fire           ###.......   100%        8    #######
 Shatter                  Erth           ###.......   100%        9    #######
 Tornado                  Air            ###.......   100%        9    #######


Dungeon Overview and Level Annotations

Branches:
Dungeon (15/15)            Temple (1/1) D:5            Lair (6/6) D:11
  Swamp (4/4) Lair:2       Spider (4/4) Lair:2        Slime (0/5) Lair:6
    Orc (2/2) D:10            Elf (3/3) Orc:2        Vaults (2/5) D:14
 Depths (2/5) D:15
  Crypt: Vaults:2-3

Altars:
Ashenzari
Cheibriados
Dithmenos
Elyvilon
Fedhas
Gozag
Hepliaklqana
Kikubaaqudgha
Makhleb
Nemelex Xobeh
Okawaru
Qazlal
Ru
Sif Muna
Trog
Uskayaw
Vehumet
Wu Jian
Xom
Yredelemnul
Zin
The Shining One

Shops:
D:5 :   D:10 (   D:13 !   D:15 (   Orc:1 *   Orc:2 (:[=   Elf:1 [   Elf:2 [:=(
Depths:1 =

Annotations:
D:10 exclusion: downstairs
D:15 2 transporters, Caongos's ghost, journeyman HOMo
Lair:1 2 transporters
Lair:3 2 transporters, Ammaruc's ghost, journeyman DrBe
Swamp:4 Lernaean hydra
Spider:2 exclusion: 2 downstairs
Elf:1 6 runed translucent doors
Vaults:2 Mara


Innate Abilities, Weirdness & Mutations

You are small and have problems with some larger weapons.
You are carnivorous and can eat meat at any time.


Message History

You block the deep troll's attack.
Your slime creature hits the deep troll shaman but does no damage.
Your slime creature hits the deep troll but does no damage.
The deep troll earth mage shouts!
The deep troll earth mage casts a spell past you.
The wall shatters!
The blast of rock fragments hits you!! The ogre mage completely misses you.
You block the deep troll's attack. The deep troll claws you!
* * * LOW HITPOINT WARNING * * *
The deep troll misses you.
A great orb of eyes comes into view.
Your skin is crawling a little less now.
The great orb of eyes turns its gaze towards you.
The iron troll shouts!
The ogre mage casts a spell at you. The bolt of fire hits you. You resist.
* * * LOW HITPOINT WARNING * * *
The ogre mage points at you and mumbles some strange words.
The crystal spear hits you!!
You die...

....§§...... .....§.....≈
.....$.....≈ ...........≈≈≈≈
≈..........≈≈≈..
...........≈≈...
≈≈............≈....
≈..........T.......
....[...(@...C.... ##.≈ .....
##...≈..%...O.... ##..≈
.....##..T......#T..## #. #....
.......TC(...T..##O## ... .....
.#...#.T...G....#.T.##... ≈≈.(.
.......T.m..##..J.((...... ..≈≈≈
≈≈^≈...T......)(.J........≈≈.T.≈
≈≈.≈≈≈≈.≈≈≈≈≈≈≈J..>.......≈≈≈≈..
...≈≈≈....≈≈≈≈≈...........≈≈c≈≈.


You could see an iron troll, a great orb of eyes, an ettin, a two-headed ogre,
an ogre mage, 2 deep trolls, a deep troll earth mage and a friendly large slime
creature.

Vanquished Creatures
  Kirke (Swamp:3)
  Louise (D:14)
  2 deep elf sorcerers
  A frost giant (D:14)
  2 orc warlords (Orc:1)
  A ghost moth (Spider:4)
  3 emperor scorpions
  2 deep elf elementalists
  A stone giant (Depths:1)
  An entropy weaver (Spider:2)
  2 deep elf demonologists
  A spark wasp (Spider:4)
  An ettin (Depths:1)
  A deep elf death mage (Elf:3)
  Josephine (D:12)
  A yaktaur captain (Vaults:1)
  2 deep elf high priests (Elf:3)
  An ice dragon (D:15)
  Harold (D:11)
  A ghost crab (Swamp:2)
  3 vault guards
  6 centaur warriors
  7 hydras
  3 catoblepae (Lair:6)
  16 two-headed ogres
  4 death yaks
  3 alligators
  A death knight (D:12)
  3 ogre magi
  A deep troll earth mage (Vaults:1)
  8 dancing weapons
  Sonja (Orc:1)
  2 vampire magi
  A titan skeleton (D:15)
  5 deep elf knights
  Nergalle (D:10)
  2 skeletal warriors (D:15)
  A glowing orange brain (Vaults:2)
  An unseen horror (Vaults:1)
  2 flayed ghosts (D:15)
  2 wizards
  4 deep trolls
  A sphinx zombie (Vaults:1)
  2 spriggan druids
  3 ironbrand convokers (Vaults:1)
  6 deep elf archers
  A necromancer (Vaults:2)
  2 lindwurms (Lair:4)
  23 deep elf magi
  2 orc knights
  6 orc sorcerers
  17 orb spiders
  18 wolf spiders
  An orb spider (shapeshifter) (Vaults:1)
  2 ugly things (D:13)
  4 cyclopes
  3 manticores
  2 elephants
  A centaur zombie (D:13)
  A frost giant skeleton (D:15)
  Maurice (D:8)
  2 vault sentinels (Vaults:1)
  4 black mambas
  14 spiny frogs
  10 komodo dragons
  A komodo dragon (shapeshifter) (Elf:2)
  2 yaktaurs (Vaults:1)
  An orange demon (Elf:2)
  A rime drake (shapeshifter) (Vaults:1)
  A demonic crawler (Lair:2)
  3 rime drakes
  A queen bee (Lair:4)
  3 meliai (Lair:4)
  6 trolls
  A harpy skeleton (D:14)
  19 jumping spiders
  A wolf spider simulacrum (D:14)
  Prince Ribbit (D:5)
  5 tyrant leeches
  4 polar bears
  3 dream sheep (Lair:5)
  7 bog bodies
  5 hornets
  A fire dragon zombie (D:15)
  8 hippogriffs
  3 slime creatures
  12 blink frogs
  44 redbacks
  5 spriggans
  An ettin skeleton (Depths:2)
  3 shadows
  3 air elementals
  18 tarantellas
  6 hogs
  4 wraiths (D:12)
  A vampire (D:13)
  4 water elementals
  61 yaks
  3 wyverns
  2 humans
  6 basilisks
  Grum (D:8)
  11 vampire mosquitoes
  2 insubstantial wisps (Swamp:1)
  4 wargs
  A soldier ant (D:15)
  2 swamp worms
  An acid dragon (Vaults:1)
  9 porcupines
  8 water moccasins
  31 orc warriors
  A hornet zombie (D:7)
  7 swamp drakes
  7 sky beasts
  6 phantoms
  5 black bears
  An eye of draining (D:13)
  4 ice beasts
  2 boggarts (Depths:2)
  18 ogres
  14 wolves
  A centaur (D:11)
  A necrophage (D:8)
  15 crocodiles
  3 big kobolds
  19 bullfrogs
  A gnoll sergeant (D:8)
  2 human skeletons (Vaults:1)
  8 scorpions
  A water moccasin zombie (D:7)
  40 killer bees
  2 wights
  5 howler monkeys
  2 electric eels
  3 crimson imps
  3 bullfrog zombies
  4 hounds
  2 jellies
  6 centaur skeletons
  14 orc wizards
  2 bullfrog skeletons (D:12)
  Ijyb (D:3)
  12 orc priests
  8 iguanas
  4 hell rats
  Natasha (twice) (D:2)
  14 worker ants
  2 hound skeletons
  A howler monkey zombie (D:5)
  Robin (D:4)
  8 gnolls
  10 adders
  5 shadow imps
  3 dart slugs
  7 leopard geckos
  89 orcs
  9 bats
  5 giant cockroaches
  13 goblins
  18 hobgoblins
  15 jackals
  20 kobolds
  4 quokkas
  2 ball pythons
  7 frilled lizards
  A jackal skeleton (D:4)
  2 quokka zombies
  9 rats
  A bush (D:13)
  A plant (Lair:2)
1023 creatures vanquished.

Vanquished Creatures (collateral kills)
  Saint Roka (Elf:2)
  Arachne (Spider:4)
  Jorgrun (D:10)
  2 deep elf blademasters (Elf:3)
  Roxanne (Spider:3)
  4 emperor scorpions (Spider:4)
  An orc warlord (Vaults:1)
  An emperor scorpion (shapeshifter) (Elf:1)
  6 deep elf sorcerers
  3 vault wardens (Vaults:1)
  Aizul (Swamp:2)
  4 ironheart preservers (Vaults:1)
  A very ugly thing (Swamp:1)
  3 stone giants
  5 entropy weavers
  7 deep elf annihilators (Elf:3)
  3 deep elf demonologists (Elf:3)
  5 deep elf death magi
  A merfolk impaler (Depths:1)
  A merfolk javelineer (Depths:2)
  A yaktaur captain (Vaults:1)
  4 deep elf high priests (Elf:3)
  2 fire dragons
  2 jiangshi (Depths:2)
  An ice dragon (Depths:1)
  2 centaur warriors
  A ghost crab (Swamp:2)
  7 vault guards
  8 hydras
  14 two-headed ogres
  3 ogre magi
  A catoblepas (Lair:6)
  A deep troll shaman (Vaults:1)
  9 alligators
  3 death knights
  3 deep troll earth magi (Depths:1)
  4 death yaks
  2 tengu warriors (D:15)
  13 dancing weapons
  9 deep elf knights
  A glowing orange brain (Depths:2)
  An unseen horror (D:11)
  6 swamp dragons
  7 deep trolls
  A spriggan druid (Swamp:3)
  An ironbrand convoker (Vaults:1)
  4 deep elf archers
  2 orc knights (Vaults:1)
  2 harpies (shapeshifter)
  3 necromancers
  9 wolf spiders
  2 orb spiders
  13 deep elf magi
  A tengu skeleton (Vaults:1)
  2 orc sorcerers
  6 ugly things
  A fire giant zombie (Vaults:1)
  2 manticores
  A frost giant zombie (D:15)
  A moth of wrath (Spider:4)
  2 cyclopes (Vaults:1)
  A black mamba (Lair:6)
  A gargoyle (D:10)
  3 orange demons (Elf:2)
  A torpor snail (Spider:3)
  7 spiny frogs
  2 centaur skeletons (D:14)
  8 demonic crawlers
  A rime drake (Lair:6)
  3 komodo dragons
  2 tengu conjurers (D:15)
  4 yaktaurs
  2 trolls
  A jumping spider (shapeshifter) (Vaults:1)
  4 bog bodies
  A polar bear (Lair:6)
  13 jumping spiders
  Grinder (D:3)
  6 hippogriffs
  A wind drake (shapeshifter) (Depths:1)
  4 tyrant leeches
  A blink frog (Lair:6)
  4 hornets
  8 slime creatures
  4 dream sheep (Lair:5)
  31 redbacks
  3 spriggans
  4 shadows (Swamp:1)
  A centaur simulacrum (D:14)
  3 air elementals
  6 water elementals
  A vampire (D:14)
  A wraith (D:10)
  3 wyverns
  9 tarantellas
  A hog (Swamp:3)
  14 yaks
  A basilisk (Lair:5)
  3 vampire mosquitoes (Swamp:3)
  2 insubstantial wisps (Swamp:1)
  3 wargs
  6 swamp worms
  An acid dragon (D:15)
  3 water moccasins
  9 orc warriors
  2 porcupines (Lair:5)
  6 swamp drakes
  3 sky beasts
  2 necrophages (Swamp:1)
  A boggart (Depths:2)
  12 ogres
  4 crocodiles
  A wolf (Lair:1)
  A bullfrog (D:11)
  3 earth elementals
  A water moccasin skeleton (D:8)
  3 scorpions
  3 killer bees
  2 wights (D:9)
  A crimson imp (D:14)
  A bullfrog zombie (D:7)
  2 jellies
  5 orc priests
  2 iguanas
  5 orc wizards
  A hell rat (Lair:6)
  2 worker ants
  4 adders
  2 gnolls (D:7)
  A leopard gecko (D:3)
  22 orcs
  A giant cockroach (D:3)
  A hobgoblin (D:2)
  3 jackals
  4 kobolds
  A quokka (D:10)
  A bat (D:2)
  A rat (D:2)
  3 fungi
  2 plants
  A withered plant (Swamp:1)
508 creatures vanquished.

Vanquished Creatures (others)
  A deep elf high priest (Elf:1)
  A deep elf knight (Elf:3)
  A deep elf archer (Elf:1)
  A spiny frog (Swamp:3)
  A jumping spider (Spider:3)
  A bog body (Swamp:1)
  4 redbacks
  A tarantella (Spider:4)
  A sky beast (shapeshifter) (D:14)
  A killer bee (D:9)
  A crimson imp (D:14)
  An orc priest (Elf:1)
  2 orc wizards (Elf:1)
  An iguana (D:14)
  9 orcs
  20 bushes
  12 fungi
  14 plants
  A withered plant (Swamp:1)
74 creatures vanquished.

Grand Total: 1605 creatures vanquished

Notes
Turn   | Place    | Note
-------+----------+-------------------------------------------
     0 | D:1      | Maks the Kobold Wizard began the quest for the Orb.
     0 | D:1      | Reached XP level 1. HP: 10/10 MP: 4/4
   264 | D:1      | Reached XP level 2. HP: 15/16 MP: 0/6
  1041 | D:1      | Reached XP level 3. HP: 20/20 MP: 2/8
  1096 | D:1      | Learned a level 2 spell: Blink
  1099 | D:1      | Learned a level 2 spell: Call Imp
  1103 | D:1      | Learned a level 3 spell: Mephitic Cloud
  1178 | D:1      | Reached skill level 1 in Fighting
  1936 | D:2      | Reached XP level 4. HP: 16/25 MP: 3/9
  2655 | D:2      | Noticed Natasha
  2670 | D:2      | Killed Natasha
  2806 | D:2      | Reached XP level 5. HP: 30/30 MP: 3/10
  2879 | D:2      | Learned a level 2 spell: Slow
  3063 | D:2      | Noticed Natasha
  3069 | D:2      | Killed Natasha
  3218 | D:3      | Noticed Ijyb
  3229 | D:3      | Killed Ijyb
  3749 | D:3      | Reached XP level 6. HP: 35/35 MP: 7/12
  3855 | D:3      | Noticed Grinder
  3881 | D:4      | Noticed a phantom
  3952 | D:4      | Killed a phantom
  4285 | D:4      | Reached XP level 7. HP: 40/40 MP: 3/13
  4400 | D:4      | Noticed Robin
  4409 | D:4      | Killed Robin
  5642 | D:5      | Entered Level 5 of the Dungeon
  5644 | D:5      | Found a staircase to the Ecumenical Temple.
  5645 | D:5      | Found Fescheqo's Book Shop.
  6151 | D:5      | Reached XP level 8. HP: 41/46 MP: 3/15
  6506 | D:5      | Learned a level 3 spell: Conjure Flame
  7000 | D:5      | Noticed Prince Ribbit
  7017 | D:5      | Killed Prince Ribbit
  7017 | D:5      | Reached skill level 5 in Dodging
  7017 | D:5      | Reached skill level 5 in Spellcasting
  7017 | D:5      | Reached skill level 5 in Summonings
  7193 | Temple   | Entered the Ecumenical Temple
  7328 | Temple   | Became a worshipper of Dithmenos the Shadowed
  7649 | D:5      | Found a deep blue altar of Sif Muna.
  8129 | D:6      | Reached XP level 9. HP: 27/52 MP: 5/17
  9327 | D:7      | Reached * piety under Dithmenos
  9327 | D:7      | Reached skill level 5 in Conjurations
  9592 | D:7      | Reached skill level 5 in Fighting
  9789 | D:7      | Found a radiant altar of Vehumet.
  9793 | D:7      | Found a basalt altar of Yredelemnul.
 10551 | D:7      | Found a hazy altar of Hepliaklqana.
 11228 | D:8      | Reached skill level 1 in Hexes
 11228 | D:8      | Reached XP level 10. HP: 60/60 MP: 19/19
 11236 | D:8      | Noticed a two-headed ogre
 11301 | D:8      | Reached ** piety under Dithmenos
 11306 | D:8      | Noticed Maurice
 11319 | D:8      | Noticed Grum
 11422 | D:7      | Killed a two-headed ogre
 11735 | D:8      | Killed Maurice
 11943 | D:8      | Killed Grum
 12760 | D:3      | Found an opulent altar of Gozag.
 13387 | D:9      | Noticed a two-headed ogre
 13711 | D:9      | Identified the cursed +2 arbalest of Rioreiqyt {velocity,
                  | Str+4}
 13982 | D:9      | Killed a two-headed ogre
 13982 | D:9      | Reached XP level 11. HP: 66/66 MP: 7/20
 14264 | D:9      | Found a glowing silver altar of Zin.
 14476 | D:9      | Reached *** piety under Dithmenos
 14911 | D:9      | Found a bloodstained altar of Trog.
 15097 | D:10     | Entered Level 10 of the Dungeon
 16325 | D:10     | Found Zyuromo's Weapon Emporium.
 16814 | D:10     | Reached **** piety under Dithmenos
 17015 | D:10     | Found a staircase to the Orcish Mines.
 17167 | D:10     | Reached skill level 10 in Conjurations
 17625 | D:11     | Noticed Harold
 17661 | D:11     | Noticed a six-headed hydra
 18074 | D:11     | Noticed an elephant
 18108 | D:11     | Noticed a six-headed hydra
 18112 | D:11     | Found a staircase to the Lair.
 18479 | D:11     | Noticed a two-headed ogre
 18500 | D:11     | Killed a two-headed ogre
 18500 | D:11     | Reached XP level 12. HP: 58/74 MP: 3/21
 18672 | D:11     | Noticed an unseen horror
 18688 | D:11     | Killed an unseen horror
 18826 | D:11     | Killed Harold
 18826 | D:11     | Reached skill level 1 in Shields
 19595 | D:11     | Killed a six-headed hydra
 19849 | D:11     | Killed a six-headed hydra
 20006 | D:12     | Found a bloodstained altar of Trog.
 20300 | D:12     | Reached ***** piety under Dithmenos
 20538 | D:12     | Noticed a two-headed ogre
 20550 | D:12     | Killed a two-headed ogre
 20684 | D:12     | Noticed Josephine
 20715 | D:12     | Killed Josephine
 20715 | D:12     | Reached skill level 10 in Dodging
 20837 | D:12     | Noticed a death knight
 20994 | D:12     | Reached XP level 13. HP: 81/81 MP: 22/22
 21039 | Lair:1   | Entered Level 1 of the Lair of Beasts
 21058 | Lair:1   | Found a transporter.
 21084 | Lair:1   | Found the +7 sceptre of Torment {pain, torment}
 21223 | Lair:1   | Found a transporter.
 21291 | Lair:1   | Reached skill level 5 in Shields
 21306 | Lair:1   | Reached skill level 10 in Fighting
 21906 | Lair:2   | Found a staircase to the Swamp.
 21943 | Lair:2   | Found a hole to the Spider Nest.
 21997 | Lair:2   | You fall through a shaft!
 22046 | Lair:3   | Found a transporter.
 22048 | Lair:3   | Found a transporter.
 22057 | Lair:3   | Noticed Ammaruc's ghost (journeyman DrBe)
 22058 | Lair:3   | Found a bloodstained altar of Trog.
 22066 | Lair:3   | Identified the +6 trident of Vanwic {elec, rN++ Stlth+}
 22275 | Lair:3   | Reached skill level 1 in Armour
 24632 | Lair:4   | Reached ****** piety under Dithmenos
 25054 | Lair:4   | Noticed an eight-headed hydra
 25239 | Lair:4   | Reached skill level 1 in Invocations
 25330 | Lair:3   | Killed an eight-headed hydra
 25627 | Lair:4   | Reached XP level 14. HP: 83/88 MP: 25/25
 26394 | Lair:4   | Learned a level 4 spell: Summon Ice Beast
 26399 | Lair:4   | Learned a level 4 spell: Summon Lightning Spire
 26401 | Lair:4   | Learned a level 1 spell: Animate Skeleton
 26403 | Lair:4   | Learned a level 1 spell: Apportation
 26405 | Lair:4   | Learned a level 1 spell: Confusing Touch
 27707 | Lair:6   | Entered Level 6 of the Lair of Beasts
 28721 | Lair:5   | Reached skill level 10 in Summonings
 29186 | Lair:6   | Found a staircase to the Slime Pits.
 29705 | Lair:6   | Reached skill level 5 in Invocations
 30578 | D:3      | Killed Grinder
 30767 | Orc:1    | Entered Level 1 of the Orcish Mines
 30767 | Orc:1    | Found a radiant altar of Vehumet.
 30782 | Orc:1    | Noticed Sonja
 30853 | Orc:1    | Noticed Nergalle
 30856 | Orc:1    | Killed Sonja
 30871 | D:10     | Killed Nergalle
 31001 | Orc:1    | Reached XP level 15. HP: 84/96 MP: 27/27
 31004 | Orc:1    | Noticed Jorgrun
 32308 | D:13     | Found Pulyjyvu's Distillery.
 32449 | D:13     | Reached skill level 5 in Armour
 32695 | D:13     | Found a blossoming altar of Fedhas.
 33381 | D:14     | Noticed Louise
 33649 | D:10     | Killed Jorgrun
 33675 | D:10     | Upgraded the game from 0.23.2-1-ga50397a6bc to
                  | 0.23.2-30-g0e89c35649
 33876 | Orc:1    | Found Kytar's General Store.
 34072 | Orc:1    | Noticed an orc warlord
 34247 | Orc:1    | Killed an orc warlord
 34364 | Orc:2    | Entered Level 2 of the Orcish Mines
 34399 | Orc:2    | Noticed an orc warlord
 34501 | Orc:1    | Killed an orc warlord
 34536 | Orc:2    | Found a staircase to the Elven Halls.
 34703 | Orc:2    | Reached skill level 10 in Spellcasting
 35230 | Orc:2    | Reached XP level 16. HP: 104/104 MP: 30/30
 35260 | Orc:2    | Found Teshrud's Antique Weapon Emporium.
 35260 | Orc:2    | Found Iraidu's Book Shop.
 35261 | Orc:2    | Found Vaphifea's Antique Armour Shop.
 35261 | Orc:2    | Found Talosuit's Jewellery Shoppe.
 35639 | Orc:2    | Bought a brightly glowing buckler for 228 gold pieces
 35650 | Orc:2    | Identified the +3 buckler "Wissanir" {rElec rF+ Stlth-}
                  | (You bought it in a shop on level 2 of the Orcish Mines)
 35766 | Orc:2    | Bought a book of Summonings for 980 gold pieces
 35778 | Orc:2    | Learned a level 6 spell: Shadow Creatures
 35788 | Orc:2    | Learned a level 5 spell: Summon Mana Viper
 35818 | Orc:2    | Bought an uncursed ring of protection from magic for 350
                  | gold pieces
 36022 | Swamp:1  | Entered Level 1 of the Swamp
 37063 | Swamp:2  | Noticed Aizul
 37080 | Swamp:2  | Killed Aizul
 37454 | Swamp:2  | Got a faintly glowing ring mail
 37465 | Swamp:2  | Identified the cursed +0 ring mail of Courage {rN+ Str+7
                  | Int-3} (You found it on level 2 of the Swamp)
 38541 | Swamp:3  | Noticed Kirke
 38559 | Swamp:3  | Killed Kirke
 39381 | Swamp:4  | Entered Level 4 of the Swamp
 40806 | Swamp:4  | Noticed the 27-headed Lernaean hydra
 40807 | Swamp:4  | Noticed a thorn hunter
 41015 | Spider:1 | Entered Level 1 of the Spider Nest
 42012 | Spider:2 | Reached skill level 5 in Hexes
 42071 | Spider:2 | Reached XP level 17. HP: 110/110 MP: 25/31
 42963 | Spider:3 | Identified Roxanne's Volume of the Hawk
 42963 | Spider:3 | Noticed Roxanne
 43530 | Spider:3 | Killed Roxanne
 43822 | Spider:4 | Entered Level 4 of the Spider Nest
 44088 | Spider:4 | Reached skill level 10 in Invocations
 44492 | Spider:4 | Noticed Arachne
 44507 | Spider:4 | Killed Arachne
 45825 | Spider:4 | Got a gossamer rune of Zot
 46398 | D:14     | Found a sacrificial altar of Ru.
 46455 | D:14     | Reached skill level 1 in Necromancy
 46795 | D:14     | Found a gate to the Vaults.
 46846 | D:14     | Killed Louise
 46990 | D:14     | Reached XP level 18. HP: 71/117 MP: 11/33
 47130 | D:14     | Identified the Papyrus of Dislocated Earth
 47158 | D:14     | Got a smoking ring mail
 47171 | D:14     | Identified the +7 ring mail of Quxips {+Fly rF+ Slay-5}
                  | (You found it on level 14 of the Dungeon)
 47328 | D:15     | Entered Level 15 of the Dungeon
 47500 | D:15     | Found a shattered altar of Ashenzari.
 47719 | D:15     | Found a transporter.
 47721 | D:15     | Identified the +5 great mace "Impslayer" {distort, MR+
                  | Int+4 Dex+3}
 47721 | D:15     | Identified the +6 great mace of Shrieking Terror {venom,
                  | MP+9}
 47721 | D:15     | Noticed Caongos's ghost (journeyman HOMo)
 47753 | D:15     | Found Parucw's Antique Weapon Shoppe.
 47844 | D:15     | Found a staircase to the Depths.
 47986 | D:15     | Found a transporter.
 48343 | Elf:1    | Entered Level 1 of the Elven Halls
 48743 | Orc:2    | Learned a level 5 spell: Aura of Abjuration
 48748 | Elf:1    | Noticed an Ice Fiend
 48750 | Elf:1    | Noticed a Brimstone Fiend
 48900 | Elf:1    | Noticed a Tzitzimitl
 49186 | Orc:2    | Cast into level 3 of the Abyss (a deep elf demonologist)
 49222 | Orc:2    | Escaped the Abyss
 49653 | Elf:1    | Found Meg Roiv's Armour Shop.
 50150 | Elf:1    | Noticed a Tzitzimitl
 50228 | Elf:1    | Found a runed translucent gate.
 50228 | Elf:1    | Found a runed translucent gate.
 50228 | Elf:1    | Found a runed translucent gate.
 50228 | Elf:1    | Found a runed translucent gate.
 50228 | Elf:1    | Found a runed translucent gate.
 50230 | Elf:1    | Found a runed translucent gate.
 50693 | Elf:2    | Found Urolaca's Jewellery Boutique.
 50834 | Elf:2    | Found a runed translucent gate.
 51109 | Elf:2    | Found Viplasho's Antique Armour Shop.
 51191 | Elf:2    | Bought a pitted hat for 387 gold pieces
 51201 | Elf:2    | Identified the cursed -5 hat of the Townfolk {rF+ Int+3}
                  | (You bought it in a shop on level 2 of the Elven Halls)
 51415 | Elf:2    | Found Soikha Leolo's Book Emporium.
 51570 | Elf:2    | Found Rixtegh's Antique Weapon Shop.
 51627 | Elf:2    | Found a runed translucent gate.
 51629 | Elf:2    | Found a runed translucent gate.
 51898 | Elf:2    | Noticed Saint Roka
 52062 | Elf:2    | Killed Saint Roka
 53244 | Elf:3    | Entered Level 3 of the Elven Halls
 53775 | Elf:3    | HP: 5/118 [deep elf death mage/vampiric draining (33)]
 54610 | Elf:3    | Reached skill level 15 in Fighting
 55572 | Elf:3    | Reached XP level 19. HP: 124/124 MP: 27/34
 55577 | Elf:3    | Noticed a deep elf blademaster
 57745 | Elf:3    | Noticed a deep elf blademaster
 57873 | Elf:3    | Killed a deep elf blademaster
 57895 | Elf:3    | Killed a deep elf blademaster
 58605 | Elf:3    | Identified the amulet of Dim Light {Faith rPois Str+2 Dex+8
                  | Stlth-}
 58692 | Elf:3    | Found the +8 longbow "Zephyr" {speed, Dex+3 SInv}
 58781 | Elf:3    | Identified the Handbook of Snow
 59159 | Vaults:1 | Entered Level 1 of the Vaults
 59803 | Vaults:1 | Reached skill level 1 in Short Blades
 60400 | Vaults:1 | Reached skill level 15 in Summonings
 61400 | Vaults:1 | Reached skill level 1 in Evocations
 62441 | Vaults:2 | Noticed Mara
 62902 | Depths:1 | Entered Level 1 of the Depths
 62992 | Depths:1 | Noticed a lich
 63536 | D:15     | Learned a level 3 spell: Regeneration
 63540 | D:15     | Learned a level 3 spell: Ozocubu's Armour
 64204 | Depths:1 | Found Catt's Jewellery Shop.
 64224 | Depths:1 | Reached XP level 20. HP: 92/129 MP: 6/36
 64732 | Depths:2 | Noticed a golden dragon
 64732 | Depths:2 | Identified the ring "Petonat" {Fire MR- Str+3 Dex+2 SInv}
 64786 | Depths:1 | Killed from afar by an ogre mage

Skill      XL: |  1  2  3  4  5  6  7  8  9 10 11 12 13 14 15 16 17 18 19 |
---------------+----------------------------------------------------------+-----
Fighting       | 1 2 3 4 5 7 8 9 10 11 13 14 15 | 15.2
Dodging        | 3 4 5 7 8 10 11 12 13 14 | 14.4
Summonings     | 2 3 4 5 6 7 8 9 10 12 13 14 15 | 15.5
Conjurations   | 2 3 4 6 8 10 11 | 11.6
Spellcasting   | 4 5 6 7 8 10 11 12 | 12.6
Hexes          | 1 2 5 |  5.2
Shields        | 4 5 |  5.7
Armour         | 2 4 6 7 8 |  8.0
Translocations | 3 |  3.3
Invocations    | 1 5 8 9 10 11 12 | 12.2
Necromancy     | 1 2 |  2.3
Short Blades   | 4 |  4.5
Evocations     | 3 |  3.4
Stealth        | |  2.6

Action                   |  1- 3 |  4- 6 |  7- 9 | 10-12 | 13-15 | 16-18 | 19-21 || total
-------------------------+-------+-------+-------+-------+-------+-------+-------++-------
Melee: Unarmed           |    41 |       |       |       |       |       |       ||    41
       Club              |     8 |     6 |       |       |       |       |       ||    14
       Dagger            |       |    95 |   202 |   485 |   364 |   622 |       ||  1768
       Whip              |       |       |     7 |    30 |       |       |       ||    37
       Eveningstar       |       |       |       |       |   509 |    13 |       ||   522
       Short sword       |       |       |       |       |       |   279 |   107 ||   386
       Quick blade       |       |       |       |       |       |       |   254 ||   254
 Fire: Blowgun           |       |       |     4 |    22 |       |       |       ||    26
Throw: Throwing net      |       |       |       |       |     1 |       |       ||     1
 Cast: Magic Dart        |    92 |    57 |   218 |   412 |   334 |   912 |   217 ||  2242
       Call Imp          |     4 |    22 |    40 |    96 |    58 |       |       ||   220
       Slow              |       |     2 |     8 |     5 |       |    55 |     2 ||    72
       Mephitic Cloud    |       |     4 |    26 |    78 |   179 |   150 |    42 ||   479
       Blink             |       |     1 |     6 |    16 |    28 |    45 |    11 ||   107
       Conjure Flame     |       |       |    12 |    60 |    18 |    31 |     5 ||   126
       Summon Ice Beast  |       |       |       |       |   112 |   140 |     3 ||   255
       Animate Skeleton  |       |       |       |       |    89 |    82 |    35 ||   206
       Confusing Touch   |       |       |       |       |    12 |    19 |    11 ||    42
       Summon Lightning  |       |       |       |       |     2 |       |       ||     2
       Shadow Creatures  |       |       |       |       |       |   143 |   102 ||   245
       Summon Mana Viper |       |       |       |       |       |   133 |    53 ||   186
       Apportation       |       |       |       |       |       |     1 |       ||     1
       Aura of Abjuratio |       |       |       |       |       |    21 |     7 ||    28
       Regeneration      |       |       |       |       |       |       |     9 ||     9
       Ozocubu's Armour  |       |       |       |       |       |       |     7 ||     7
Invok: Shadow Step       |       |       |       |     1 |       |       |       ||     1
Evoke: Wand              |       |       |       |     4 |    10 |    12 |     2 ||    28
       Lamp of fire      |       |       |       |       |     1 |       |       ||     1
       Lightning rod     |       |       |       |       |       |     2 |       ||     2
       Sack of spiders   |       |       |       |       |       |       |     1 ||     1
  Use: Scroll            |       |     4 |    11 |     6 |    15 |    21 |     6 ||    63
       Potion            |       |       |       |       |     4 |     9 |     4 ||    17
 Stab: Sleeping          |       |     2 |     1 |     3 |     8 |       |       ||    14
       Distracted        |       |     1 |     1 |     1 |     3 |    10 |     4 ||    20
       Confused          |       |       |     2 |    33 |    32 |    24 |    18 ||   109
       Paralysed         |       |       |       |       |       |     3 |     2 ||     5
  Eat: Chunk             |    11 |     9 |    22 |    33 |    52 |   118 |    61 ||   306
       Ration            |       |       |       |       |       |     1 |     5 ||     6
Armor: Robe              |     8 |     5 |    44 |    36 |       |       |    66 ||   159
       Troll leather arm |       |       |       |    17 |   176 |   314 |     1 ||   508
Dodge: Dodged            |    67 |    77 |   180 |   488 |  1308 |  1328 |   394 ||  3842
Block: Buckler           |       |       |       |    49 |   490 |   646 |   159 ||  1344
